 Dungeon Crawl Stone Soup version 0.28-a0-662-g1651b1f1e0 (webtiles) character file.

Game seed: 15006791630261250881

573101 freelancePsychic the Raging Flame (level 27, -8/172 (205) HPs)
             Began as a Djinni Cinder Acolyte on Oct 14, 2021.
             Was a High Priest of Ignis.
             Mangled by a death cob (17 damage)
             ... on level 3 of the Realm of Zot.
             The game lasted 03:32:41 (72032 turns).

freelancePsychic the Raging Flame (DjCA)           Turns: 72032, Time: 03:32:41

HP:   -8/172 (205)  AC: 17    Str: 11 (13) XL:     27
Gold: 5389          EV: 20    Int: 29 (31) God:    Ignis [*****.] SH: 27 Dex: 20 (21)

rFire   + + +      SeeInvis +   E - +9 sacred scourge (holy)
rCold   + + .      Faith    .   m - +4 tower shield {AC+3}
rNeg    . . .      Spirit   .   O - +4 troll leather armour
rPois   ∞          Reflect  .   Q - +0 mask of the Dragon {Will+ Slay+3 SInv}
rElec   +          Harm     .   v - +2 cloak of Hide-and-Seek {rF+}
rCorr   .          Rampage  .   u - +0 pair of gloves
Will    +++..                   (boots unavailable)
Stlth   ++........              j - amulet of regeneration
HPRegen 2.38/turn               I - ring "Hasilit" {rC++ Int+6}
MPRegen 0.00/turn               Z - ring of the Screaming King {rElec rF+ rC+ Dex+6 Slay+2}

@: flying, very slightly contaminated, slowed, studying 2 skills, heavily
drained, invisible, very slow
A: sickness immunity, fire resistance 2, cold vulnerability 1, float, innate
caster, hp casting, extra vitality 1, thin skeletal structure 1, deterioration 2
}: 3/15 runes: decaying, serpentine, silver
a: Renounce Religion, Sea of Fire, Foxfire Swarm, Rising Flame


You were on level 3 of the Realm of Zot.
You worshipped Ignis.
Ignis was extremely pleased with you.
You visited 11 branches of the dungeon, and saw 50 of its levels.
You also visited: Bailey, Ice Cave and Wizlab.

You collected 7753 gold pieces.
You spent 2364 gold pieces at shops.

Inventory:

Hand Weapons
 E - a +9 sacred scourge of holy wrath (weapon)
Missiles
 W - a throwing net
Armour
 m - a +4 tower shield of protection (worn)
 u - a +0 pair of gloves (worn)
 v - the +2 cloak of Hide-and-Seek (worn) {rF+}
   (You found it on level 15 of the Dungeon)

   rF:        It protects you from fire.
 L - the +4 robe of Folly {Brilliance Will-∞ Int+8}
   (You took it off an ironbound thunderhulk in a wizard's laboratory)

   It increases the power of your magical spells.
   It halves the magic cost of your spells (rounding up).
   It reduces your willpower to zero.
   Int:       It affects your intelligence (+8).
 O - a +4 troll leather armour (worn)
 Q - the +0 mask of the Dragon (worn) {Will+ Slay+3 SInv}
   (You bought it in a shop on level 4 of the Snake Pit)

   Slay:      It affects your accuracy & damage with ranged weapons and melee
   (+3).
   SInv:      It lets you see invisible.
   Will:      It increases your willpower.
Magical Staves
 b - a staff of fire
Jewellery
 j - an amulet of regeneration (around neck)
 w - an amulet of reflection
 B - the ring of Brilliance {rPois rN+ Will+ Str+2}
   (You found it on level 3 of the Crypt)

   [ring of positive energy]

   Str:       It affects your strength (+2).
   rPois:     It protects you from poison.
   rN:        It protects you from negative energy.
   Will:      It increases your willpower.
 I - the ring "Hasilit" (left hand) {rC++ Int+6}
   (You took it off a deep elf high priest on level 3 of the Vaults)

   [ring of intelligence]

   Int:       It affects your intelligence (+6).
   rC:        It greatly protects you from cold.
 J - the ring "Yhuycwe" {rC++ Will+}
   (You found it on level 5 of the Lair of Beasts)

   [ring of willpower]

   rC:        It greatly protects you from cold.
   Will:      It increases your willpower.
 N - the ring "Adolaagh" {Ice rPois Dex+2 Slay+2}
   (You found it in a wizard's laboratory)

   [ring of ice]

   It enhances your ice magic.
   Dex:       It affects your dexterity (+2).
   Slay:      It affects your accuracy & damage with ranged weapons and melee
   (+2).
   rF:        It makes you vulnerable to fire.
   rC:        It protects you from cold.
   rPois:     It protects you from poison.
 T - a +6 ring of intelligence
 V - a ring of ice
 Z - the ring of the Screaming King (right hand) {rElec rF+ rC+ Dex+6 Slay+2}
   (You took it off a frost giant on level 3 of the Vaults)

   [ring of dexterity]

   Dex:       It affects your dexterity (+6).
   Slay:      It affects your accuracy & damage with ranged weapons and melee
   (+2).
   rF:        It protects you from fire.
   rC:        It protects you from cold.
   rElec:     It insulates you from electricity.
Wands
 c - a wand of charming (35)
 k - a wand of paralysis (45)
 l - a wand of mindburst (31)
 o - a wand of iceblast (53)
 r - a wand of acid (7)
 s - a wand of flame (85)
 y - a wand of polymorph (22)
 U - a wand of digging (13)
Scrolls
 f - 5 scrolls of teleportation {@r4}
 h - 3 scrolls of silence
 i - 4 scrolls of fog
 x - 2 scrolls of immolation
 z - 31 scrolls of identify {@r1}
 A - 2 scrolls of enchant weapon
 P - 7 scrolls of brand weapon
 S - 6 scrolls of magic mapping
 Y - 4 scrolls of enchant armour
Potions
 d - 10 potions of cancellation
 e - 5 potions of ambrosia
 g - 7 potions of lignification
 n - 27 potions of curing {@q1}
 q - 3 potions of might
 C - 15 potions of attraction
 F - 4 potions of haste {@q3}
 G - 4 potions of brilliance
 H - 5 potions of mutation
 K - 3 potions of resistance
Miscellaneous
 X - a condenser vane


   Skills:
 - Level 20.0 Fighting
 - Level 6.5 Short Blades
 + Level 9.3 Maces & Flails
 - Level 8.0 Armour
 - Level 13.7 Dodging
 - Level 21.0 Shields
 - Level 20.8 Spellcasting
 - Level 21.6 Invocations


You couldn't memorise any spells.
You knew the following spells:

 Your Spells              Type           Power      Damage    Failure   Level
a - Monstrous Menagerie   Summ           50%        N/A       1%          7
b - Summon Hydra          Summ           50%        N/A       1%          7
c - Infestation           Necr           50%        N/A       3%          8
d - Ozocubu's Armour      Ice            100%       N/A       0%          3
e - Summon Lightning Spi  Summ/Air       100%       N/A       0%          4
f - Cause Fear            Hex            50%        N/A       0%          4
g - Yara's Violent Unrav  Hex/Tmut       50%        3d19      0%          5
h - Starburst             Conj/Fire      50%        6d14      1%          6
i - Simulacrum            Ice/Necr       50%        N/A       1%          6
j - Summon Small Mammal   Summ           100%       N/A       0%          1
k - Disjunction           Tloc           50%        N/A       3%          8
l - Scorch                Fire           100%       2d10      0%          2
m - Blink                 Tloc           N/A        N/A       0%          2
n - Death's Door          Necr           50%        N/A       45%         9
Your spell library was empty.

Dungeon Overview and Level Annotations

Branches:
Dungeon (15/15)            Temple (0/1) D:5            Lair (6/6) D:9
  Swamp (4/4) Lair:2        Snake (4/4) Lair:2        Slime (0/5) Lair:6
    Orc (2/2) D:11            Elf (3/3) Orc:2        Vaults (5/5) D:14
  Crypt (3/3) Vaults:2       Tomb (0/3) Crypt:3      Depths (4/4) D:15
   Hell (visited)             Zot (3/5) Depths:4     Bailey (visited)
  IceCv (visited)          WizLab (visited)
    Dis: Hell:1         Geh: Hell:1         Coc: Hell:1         Tar: Hell:1

Altars:
Ashenzari
Cheibriados
Fedhas
Vehumet
Yredelemnul
The Shining One
Beogh
Jiyva

Shops:
Orc:2 *[!(   Snake:1 *   Snake:4 *[(   Depths:2 ::=   Depths:3 (

Portals:
Hell: Depths:1 Depths:2 Depths:3 Depths:4
Abyss: Depths:1 Depths:3
Pandemonium: Depths:1 Depths:2
Ziggurat: Depths:1
Trove: Depths:1 (give 7 scrolls of fog)

Annotations:
D:8 5 runed translucent doors, iamoutofideas's ghost, novice HOGl
D:11 exclusion: statue
Snake:2 Roxanne
Hell Geryon
Zot:2 2 transporters, Mikey69's ghost, legendary DsBe


Innate Abilities, Weirdness & Mutations

You are immune to sickness and miasma.
You are immune to poison.
Your flesh is very heat resistant. (rF++)
You are vulnerable to cold. (rC-)
You float through the air rather than walking.
You learn spells naturally, not from books.
Your magical power is your life essence.
You have superior vitality. (+4 HP)
You have a somewhat thin skeletal structure. (Dex +2, Stealth+)
Your body often deteriorates upon taking damage.


Message History

The death cob hits you! The death cob drains your vigour!
You feel yourself slow down. The death cob hits you!!
* * * LOW HITPOINT WARNING * * *
The death cob drains your vigour!
You feel as though you will be slow longer.
You feel much better. The death cob hits you!!
The death cob hits you but does no damage.
You block the death cob's attack. x2
You fade into invisibility!
You block the death cob's attack. The death cob hits you!!
* * * LOW HITPOINT WARNING * * *
The death cob drains your vigour!
You feel as though you will be slow longer.
The shadow dragon breathes negative energy at you.
The bolt of negative energy hits the death cob.
The death cob completely resists.
The bolt of negative energy hits you!!
You feel drained.
* * * LOW HITPOINT WARNING * * *
Your body deteriorates!
You feel dopey. The death cob hits you!
* * * LOW HITPOINT WARNING * * *
You are very lightly contaminated with residual magic.
Okay, then.
Okay, then.
The death cob hits you.
* * * LOW HITPOINT WARNING * * *
The death cob drains your vigour!
You feel as though you will be slow longer.
The death cob hits you but does no damage.
You block the death cob's attack.
As you read the scroll of holy word, it crumbles to dust.
You speak a Word of immense power!
The death cob convulses!
The death cob is lost in a daze.
You block the death cob's attack. x2
The shadow dragon breathes negative energy at you.
The bolt of negative energy misses the death cob.
The bolt of negative energy misses you. You block the death cob's attack.
As you read the scroll of summoning, it crumbles to dust.
Wisps of shadow whirl around you... The death cob hits you!
You die...

### #####..
###....##
####..######
##...### #
###d.### #
###qq.## #
##ydq###
#### ...
##@D###
#####... ...
###z###
........
#..# ##Dd##
....#####
#..# ##..##
..###.^..
#..###..##
.........
#..##..##
.........
#..#..##
.........
#.^..##
.........
#...##
.........


You could see a shadow dragon, a purple draconian, a death cob (dazed, ally
target), a friendly shadow dragon (summoned), a friendly green draconian monk
(summoned, wandering), 2 friendly draconians, a friendly purple draconian
shifter (summoned), a friendly white draconian stormcaller (summoned) and a
friendly moth of wrath (summoned).

Vanquished Creatures
  2 dread liches (Crypt:3)
  An orb of fire (Zot:2)
  An ancient lich (Crypt:3)
  A Killer Klown (Zot:2)
  Bai Suzhen (Vaults:2)
  the Lernaean hydra (Swamp:4)
  Saint Roka (Crypt:2)
  Nikola (Snake:2)
  2 golden dragons
  2 bone dragons
  6 tentacled monstrosities
  5 liches
  2 quicksilver dragons
  A titan (Vaults:5)
  5 deep elf blademasters
  4 death cobs
  Murray (Depths:4)
  A deep elf master archer (Elf:3)
  4 ancient champions (Crypt:3)
  4 sphinxes
  Gastronok (Lair:3)
  2 tengu reavers
  4 shadow dragons (Zot:3)
  3 storm dragons
  A revenant (Crypt:3)
  A frost giant (Depths:3)
  7 vault wardens
  Aizul (Snake:1)
  4 deep elf sorcerers
  A draconian knight (Zot:1)
  3 ghost moths
  3 curse skulls
  A draconian shifter (Zot:3)
  A caustic shrike zombie (Crypt:1)
  2 draconian annihilators
  A spriggan defender (D:15)
  A deep elf elementalist (Elf:3)
  2 draconian stormcallers (Zot:3)
  10 ironbound preservers
  2 war gargoyles
  2 very ugly things
  2 reapers
  A ghoul (Crypt:1)
  2 stone giants
  7 vampire knights
  8 deep elf demonologists
  2 green draconians (Zot:3)
  2 black draconians
  5 purple draconians
  A bunyip (shapeshifter) (D:15)
  3 deep elf annihilators (Elf:3)
  5 dire elephants
  A red draconian (Zot:3)
  2 white draconians
  2 bunyips
  3 spark wasps (Depths:2)
  7 deep elf death magi
  12 ettins
  3 yellow draconians (Zot:3)
  5 eidola
  4 eleionomae
  Josephine (D:10)
  10 jiangshi
  A quicksilver dragon zombie (Crypt:3)
  2 deep elf high priests
  4 yaktaur captains
  5 naga warriors
  2 peacekeepers (WizLab)
  5 ironbound thunderhulks
  2 rakshasas (Depths:2)
  A shambling mangrove (Swamp:4)
  7 boulder beetles
  3 vault guards (Vaults:5)
  4 ironbound frosthearts
  A spriggan air mage (Depths:2)
  A ghost crab (Swamp:4)
  23 hydras
  2 ogre magi
  2 ice dragons (Depths:4)
  5 anacondas
  13 two-headed ogres
  12 centaur warriors
  2 dancing weapons (D:14)
  5 alligators
  2 deep troll shamans
  2 titan zombies
  2 orc high priests
  3 tengu warriors
  6 naga sharpshooters
  2 deep troll earth magi (Depths:2)
  5 vampire magi
  A spriggan berserker (Depths:3)
  2 hell knights
  13 deep elf knights
  A shock serpent (Snake:1)
  Sonja (Lair:1)
  An iron troll (Depths:2)
  18 skeletal warriors
  A sea snake (shapeshifter) (Vaults:2)
  34 deep trolls
  12 swamp dragons
  6 deep elf archers
  7 wizards
  A flayed ghost (Crypt:3)
  2 bog bodies
  A spriggan druid (Swamp:3)
  2 bunyip skeletons
  7 harpies
  23 deep elf zephyrmancers
  2 naga ritualists
  A fenstrider witch simulacrum (Crypt:2)
  9 ironbound convokers
  11 deep elf pyromancers
  10 phantasmal warriors
  A shadow dragon zombie (Crypt:1)
  7 necromancers
  A wolf spider zombie (D:15)
  2 orc knights
  4 mana vipers
  A stone giant zombie (Orc:1)
  3 manticores
  4 orc sorcerers (Orc:2)
  19 ugly things
  16 cyclopes
  A manticore (shapeshifter) (D:14)
  4 will-o-the-wisps
  2 guardian serpents (Snake:2)
  8 naga magi
  Maurice (D:9)
  5 elephants (Lair:6)
  9 moths of wrath
  16 black mambas
  10 vault sentinels
  12 cane toads
  2 gargoyles (WizLab)
  2 rime drakes
  A kobold demonologist (D:13)
  5 ice devils (IceCv)
  A swamp worm zombie (Crypt:1)
  6 komodo dragons
  4 tengu conjurers
  An unseen horror (D:11)
  11 yaktaurs
  2 entropy weaver simulacra (IceCv)
  9 guardian mummies
  4 freezing wraiths
  8 trolls
  11 hornets
  A meliai (shapeshifter) (Elf:2)
  A hydra skeleton (Crypt:1)
  A catoblepas skeleton (Crypt:2)
  7 polar bears
  A wolf spider simulacrum (D:15)
  4 nameless horrors
  5 blink frogs
  A deep troll zombie (Vaults:3)
  20 slime creatures
  7 tyrant leeches
  18 dream sheep
  6 flying skulls
  3 vampires (Vaults:2)
  3 air elementals
  18 spriggans
  An ettin skeleton (Crypt:2)
  3 fire elementals
  3 shadows (D:13)
  3 wyverns
  2 basilisks
  A satyr skeleton (Crypt:2)
  30 yaks
  4 wraiths
  A tarantella (shapeshifter) (Elf:2)
  A steam dragon (D:10)
  3 death yak simulacra (IceCv)
  A basilisk (shapeshifter) (D:13)
  Menkaure (D:5)
  2 harpy simulacra
  Edmund (D:5)
  14 nagas
  10 wargs
  9 swamp worms
  An acid dragon (D:10)
  14 water moccasins
  10 swamp drakes
  37 orc warriors
  4 sky beasts
  6 black bears
  11 ogres
  9 boggarts
  A hornet zombie (D:15)
  A lindwurm skeleton (Crypt:3)
  5 centaurs
  32 wolves
  A phantom (D:5)
  Blork the orc (D:5)
  A draconian zombie (Crypt:3)
  An octopode zombie (Crypt:1)
  18 bullfrogs
  A kobold brigand (D:11)
  A glowing shapeshifter simulacrum (Vaults:3)
  2 cyclops zombies (Orc:1)
  A yaktaur skeleton (Crypt:2)
  3 scorpions
  Dowan (D:6)
  4 cane toad simulacra (IceCv)
  A human skeleton (Vaults:3)
  A warg zombie (Crypt:2)
  A water moccasin skeleton (D:4)
  An elephant simulacrum (IceCv)
  2 shapeshifter zombies (Crypt:2)
  A killer bee (D:7)
  3 wights
  2 electric eels (Lair:4)
  3 howler monkeys
  A human zombie (Crypt:2)
  6 centaur zombies
  17 orc priests
  3 hounds
  2 bullfrog skeletons
  2 centaur skeletons
  Jessica (D:3)
  3 iguanas
  41 orc wizards
  2 spriggan simulacra
  2 wolf simulacra (IceCv)
  A killer bee zombie (D:6)
  2 howler monkey zombies
  5 adders
  3 gnolls (D:7)
  2 ufetubi
  An adder zombie (D:5)
  A halfling zombie (Crypt:1)
  An adder skeleton (D:4)
  A barachi skeleton (Crypt:3)
  A dart slug (D:1)
  68 orcs
  11 ball pythons
  4 endoplasms
  3 giant cockroaches
  8 goblins
  3 hobgoblins
  10 jackals
  16 kobolds
  5 quokkas
  6 bats
  4 frilled lizards
  A frilled lizard skeleton (Crypt:3)
  A gnoll skeleton (Crypt:2)
  7 rats
  A bush (Lair:5)
1283 creatures vanquished.

Vanquished Creatures (collateral kills)
  A dread lich (Vaults:5)
  Mara (Depths:1)
  An orb of fire (Zot:2)
  Mennas (Depths:4)
  A juggernaut (Depths:2)
  5 caustic shrikes
  6 golden dragons
  2 electric golems
  6 tentacled monstrosities
  A deep elf blademaster (Elf:2)
  5 quicksilver dragons
  2 walking divine tomes (Depths:2)
  A deep elf master archer (Elf:3)
  An ancient champion (Crypt:1)
  Frances (D:12)
  3 sphinxes
  3 death cobs
  2 shadow dragons
  7 storm dragons
  4 tengu reavers
  4 nagarajas (Snake:4)
  2 draconian monks (Zot:2)
  7 fire giants
  3 deep elf sorcerers
  Louise (Swamp:2)
  An iron dragon (D:12)
  2 draconian knights (Zot:2)
  8 frost giants
  8 vault wardens
  A draconian scorcher (Zot:3)
  A draconian shifter (Depths:4)
  2 war gargoyles
  2 draconian stormcallers
  A draconian annihilator (Zot:1)
  2 ghouls (Crypt:1)
  A spriggan defender (D:15)
  19 very ugly things
  6 ironbound preservers
  4 black draconians
  4 vampire knights
  3 green draconians
  9 stone giants
  A lorocyproca (Depths:1)
  8 red draconians
  A bunyip (Swamp:3)
  Azrael (Orc:2)
  4 purple draconians
  2 deep elf annihilators
  6 spark wasps
  4 dire elephants (Vaults:1)
  A white draconian (Depths:4)
  4 yellow draconians (Zot:1)
  10 ettins
  A mummy priest (Crypt:3)
  An eidolon (Crypt:3)
  A jiangshi (Crypt:1)
  The ghost of pokeman the Eclecticist, a journeyman DEWz of Vehumet (D:13)
  3 crystal guardians
  3 great orbs of eyes (Depths:2)
  4 deep elf death magi
  2 yaktaur captains
  4 deep elf high priests
  26 vault guards
  8 fire dragons
  An ogre mage (Vaults:5)
  A hell beast (Depths:2)
  2 boulder beetles
  8 ironbound thunderhulks
  13 naga warriors
  6 hydras
  8 peacekeepers
  2 rakshasas (Depths:3)
  4 salamander tyrants
  9 ice dragons
  9 anacondas
  2 ironbound frosthearts
  Erica (D:10)
  A spriggan air mage (Depths:4)
  28 dancing weapons
  4 deep troll shamans
  A two-headed ogre (D:12)
  2 spriggan berserkers
  6 vampire magi
  8 naga sharpshooters
  6 shock serpents
  9 deep troll earth magi
  7 tengu warriors
  A hell hog (Depths:4)
  2 soul eaters
  7 deep elf knights
  10 hell knights
  3 salamander mystics
  3 skeletal warriors (Crypt:1)
  9 iron trolls
  46 deep trolls
  8 deep elf archers
  3 glowing orange brains
  3 flayed ghosts
  6 naga ritualists
  2 swamp dragons (Swamp:4)
  5 ironbound convokers
  Pikel (D:5)
  2 phantasmal warriors (Crypt:1)
  8 lindwurms (Vaults:1)
  4 wizards
  A bunyip skeleton (Crypt:3)
  14 deep elf pyromancers
  6 harpies
  7 mana vipers
  25 deep elf zephyrmancers
  4 orc knights
  14 ugly things
  A will-o-the-wisp (Lair:2)
  2 moths of wrath (Zot:1)
  A salamander (shapeshifter) (Depths:2)
  25 salamanders
  An elephant (Lair:2)
  7 naga magi
  7 guardian serpents
  29 black mambas
  2 molten gargoyles (WizLab)
  11 vault sentinels
  4 cane toads
  2 smoke demons (Depths:1)
  6 gargoyles (WizLab)
  A yaktaur (shapeshifter) (Elf:1)
  2 komodo dragons
  4 freezing wraiths
  3 rime drakes
  A demonic crawler (Depths:4)
  8 yaktaurs
  An efreet (D:13)
  6 ice devils
  3 tengu conjurers
  A minotaur skeleton (Crypt:3)
  A red devil (Depths:2)
  2 anaconda simulacra (IceCv)
  2 guardian mummies (Crypt:3)
  A queen bee (shapeshifter) (Elf:2)
  A polar bear (Lair:2)
  A sea snake skeleton (Crypt:3)
  2 trolls
  A merfolk (shapeshifter) (Vaults:3)
  4 hornets
  Grinder (D:6)
  A blink frog (shapeshifter) (Vaults:5)
  A dream sheep (shapeshifter) (Vaults:5)
  A blink frog (Lair:2)
  15 slime creatures (Vaults:1)
  2 dream sheep (Lair:4)
  A ynoxinul (Depths:2)
  A flying skull (Crypt:1)
  3 spriggans
  3 air elementals (Elf:1)
  A tarantella (shapeshifter) (Vaults:5)
  17 yaks
  5 fire elementals
  A water elemental (Elf:2)
  4 wraiths
  A wyvern (Lair:4)
  A neqoxec (Depths:1)
  A death yak simulacrum (IceCv)
  A steam dragon (D:10)
  2 harpy simulacra
  A warg (shapeshifter) (Vaults:5)
  33 nagas
  A hell hound (Orc:2)
  6 water moccasins
  Duvessa (D:6)
  A floating eye (Depths:2)
  2 black bears
  8 orc warriors
  A hornet zombie (D:15)
  2 ice beasts
  An ogre (D:6)
  A centaur (D:10)
  5 wolves
  5 nameless horrors
  2 lemures
  A kobold brigand (D:8)
  A draconian zombie (Crypt:1)
  2 bullfrogs (Lair:2)
  2 earth elementals
  A two-headed ogre simulacrum (IceCv)
  4 killer bees (D:7)
  A troll zombie (Crypt:1)
  13 wights (D:7)
  A lava snake (Orc:1)
  A centaur skeleton (Crypt:1)
  3 orc priests
  An iron imp (Depths:1)
  An iguana (D:6)
  2 lightning spires (WizLab)
  An orc wizard (Orc:2)
  A polar bear simulacrum (IceCv)
  A killer bee zombie (D:7)
  3 wolf simulacra (IceCv)
  2 white imps (IceCv)
  An ufetubus (IceCv)
  33 orcs
  A jackal skeleton (Crypt:3)
926 creatures vanquished.

Vanquished Creatures (others)
  Sojobo (Vaults:4)
  A deep elf blademaster (Elf:3)
  A draconian knight (Zot:1)
  A white draconian (Zot:3)
  A deep elf death mage (Elf:3)
  A great orb of eyes (Depths:3)
  2 deep elf knights (Elf:2)
  A deep elf archer (Elf:3)
  A deep elf zephyrmancer (Elf:1)
  A bloated husk (Swamp:3)
  25 foxfires
  51 fungi
  52 plants
  2 withered plants (D:15)
141 creatures vanquished.

Grand Total: 2350 creatures vanquished

Notes
Turn   | Place    | Note
-------+----------+-------------------------------------------
     0 | D:1      | freelancePsychic the Djinni Cinder Acolyte began the quest
                  | for the Orb.
     0 | D:1      | Reached XP level 1. HP: 20/20 MP: 0/0
   131 | D:1      | Reached XP level 2. HP: 17/25 MP: 0/0
  1033 | D:1      | Found a faded altar of an unknown god.
  1092 | D:1      | Reached XP level 3. HP: 27/30 MP: 0/0
  1092 | D:1      | Learned a level 1 spell: Summon Small Mammal
  2467 | D:2      | Reached XP level 4. HP: 13/36 MP: 0/0
  3013 | D:3      | Noticed Jessica
  3019 | D:3      | Killed Jessica
  3179 | D:3      | Reached XP level 5. HP: 39/41 MP: 0/0
  3179 | D:3      | Learned a level 2 spell: Blink
  4308 | D:4      | Noticed a bullfrog
  4312 | D:4      | Killed a bullfrog
  4313 | D:4      | Reached XP level 6. HP: 40/48 MP: 0/0
  4648 | D:4      | Noticed an ogre
  4665 | D:4      | Killed an ogre
  4902 | D:4      | Reached XP level 7. HP: 44/53 MP: 0/0
  4902 | D:4      | Learned a level 3 spell: Ozocubu's Armour
  5533 | D:5      | Entered Level 5 of the Dungeon
  5560 | D:5      | Reached skill level 5 in Fighting
  5914 | D:5      | Noticed Blork the orc
  5933 | D:5      | Killed Blork the orc
  6232 | D:5      | Reached skill level 5 in Short Blades
  6232 | D:5      | Reached XP level 8. HP: 52/60 MP: 0/0
  6322 | D:5      | Reached skill level 5 in Spellcasting
  7116 | D:5      | Noticed Edmund
  7124 | D:5      | Killed Edmund
  7407 | D:5      | Noticed Menkaure
  7416 | D:5      | Found a staircase to the Ecumenical Temple.
  7420 | D:5      | Killed Menkaure
  7624 | D:4      | Reached XP level 9. HP: 42/67 MP: 0/0
  7624 | D:4      | Learned a level 4 spell: Summon Lightning Spire
  8122 | D:6      | Noticed Pikel
  8304 | D:6      | Noticed Grinder
  8313 | D:6      | Killed Grinder
  8420 | D:5      | Killed Pikel
  8935 | D:6      | Noticed Duvessa
  8939 | D:6      | Noticed Dowan
  8944 | D:6      | Killed Duvessa
  8947 | D:6      | Killed Dowan
  9351 | D:6      | Reached XP level 10. HP: 73/76 MP: 0/0
  9875 | D:7      | Found a flagged portal.
 10052 | Bailey   | Entered a bailey
 10343 | Bailey   | Reached skill level 10 in Fighting
 10343 | Bailey   | Reached skill level 10 in Spellcasting
 10343 | Bailey   | Reached XP level 11. HP: 86/86 MP: 0/0
 10343 | Bailey   | Learned a level 4 spell: Cause Fear
 10361 | Bailey   | Noticed an orc knight
 10373 | Bailey   | Killed an orc knight
 10385 | Bailey   | Noticed an orc knight
 10408 | Bailey   | Killed an orc knight
 10586 | Bailey   | Noticed an orc knight
 10609 | Bailey   | Killed an orc knight
 10611 | Bailey   | Noticed an orc knight
 10626 | Bailey   | Noticed an orc knight
 11368 | D:7      | Found a glowing golden altar of the Shining One.
 12414 | D:7      | Noticed a boulder beetle
 12652 | D:8      | Noticed a two-headed ogre
 12660 | D:8      | Killed a two-headed ogre
 12673 | D:8      | Noticed a two-headed ogre
 12685 | D:8      | Killed a two-headed ogre
 12686 | D:8      | Reached XP level 12. HP: 39/94 MP: 0/0
 12985 | D:8      | Found a runed translucent gate.
 12985 | D:8      | Found a runed translucent gate.
 12985 | D:8      | Found a runed translucent gate.
 12985 | D:8      | Noticed iamoutofideas's ghost (novice HOGl)
 13229 | D:8      | Found a large runed translucent door.
 13230 | D:8      | Found a large runed translucent door.
 13711 | D:9      | Found a staircase to the Lair.
 13723 | D:9      | Noticed Maurice
 13848 | D:9      | Killed Maurice
 14034 | D:9      | Found a blossoming altar of Fedhas.
 14315 | D:10     | Entered Level 10 of the Dungeon
 14753 | D:10     | Noticed Josephine
 14761 | D:10     | Killed Josephine
 14946 | D:10     | Noticed Erica
 14951 | D:10     | Killed Erica
 16133 | D:11     | Found a staircase to the Orcish Mines.
 16152 | Orc:1    | Entered Level 1 of the Orcish Mines
 16530 | D:11     | Noticed a centaur warrior
 16715 | D:11     | Noticed a boulder beetle
 16738 | D:11     | Killed a boulder beetle
 16739 | D:11     | Reached skill level 1 in Dodging
 16861 | D:11     | Killed a centaur warrior
 16982 | D:11     | Reached XP level 13. HP: 46/102 MP: 0/0
 16982 | D:11     | Learned a level 5 spell: Yara's Violent Unravelling
 17410 | D:11     | Identified the +5 spear "Loopy" {freeze, rCorr}
 18191 | Lair:1   | Entered Level 1 of the Lair of Beasts
 18293 | Lair:1   | Noticed Sonja
 18299 | Lair:1   | Killed Sonja
 18728 | Lair:1   | Identified the +7 scale mail "Mugac" {rC+ Dex+5}
 19012 | Lair:1   | Reached skill level 5 in Dodging
 19403 | Lair:1   | Noticed an eight-headed hydra
 19414 | Lair:1   | Killed an eight-headed hydra
 19881 | Lair:2   | Found a staircase to the Snake Pit.
 19933 | Lair:2   | Found a staircase to the Swamp.
 20065 | Lair:2   | Noticed a four-headed hydra
 20111 | Lair:2   | Killed a four-headed hydra
 20625 | Lair:2   | Noticed a five-headed hydra
 20637 | Lair:2   | Killed a five-headed hydra
 20954 | Lair:2   | Identified the +7 quarterstaff of Woufeh {spect, *Noise
                  | rC+++ rN+++ Str-3}
 21436 | Lair:2   | Reached XP level 14. HP: 102/111 MP: 0/0
 21924 | Lair:3   | Identified the +7 dagger of Infinite Pain {freeze, *Noise
                  | Will+ Dex+5}
 21952 | Lair:3   | Found a frozen archway.
 21952 | Lair:3   | Noticed Gastronok
 21980 | Lair:3   | Killed Gastronok
 22448 | IceCv    | Entered an ice cave
 23160 | IceCv    | Found the +4 skin of Zhor {*Englaciate rC+++ SInv}
 25791 | Lair:4   | Reached skill level 10 in Dodging
 25933 | Lair:4   | Reached skill level 15 in Fighting
 26699 | Lair:5   | Reached XP level 15. HP: 114/120 MP: 0/0
 26699 | Lair:5   | Learned a level 6 spell: Starburst
 27124 | Lair:5   | Reached skill level 1 in Shields
 27868 | Lair:5   | Identified the ring "Yhuycwe" {rC++ Will+}
 27999 | Lair:6   | Entered Level 6 of the Lair of Beasts
 27999 | Lair:6   | Found a staircase to the Slime Pits.
 27999 | Lair:6   | Found a viscous altar of Jiyva.
 31010 | Orc:1    | Reached skill level 15 in Spellcasting
 31845 | Orc:1    | Reached XP level 16. HP: 114/126 MP: 0/0
 31900 | Orc:1    | Noticed a fire giant
 31926 | Orc:1    | Killed a fire giant
 31929 | Orc:1    | Identified the +5 scale mail "Kutiutra" {*Corrode rPois
                  | Dex+4}
 32193 | Orc:1    | Found the +8 trident of the Octopus King {venom, rElec
                  | rPois Will+}
 32193 | Orc:1    | Found the +6 arbalest "Damnation" {damnation}
 32613 | Orc:1    | Identified the +5 battleaxe "Emass" {flame, Str+6 Stlth-}
 32614 | Orc:1    | Identified the +6 hand crossbow "Efin" {flame, Dex+5}
 32615 | Orc:1    | Identified the +8 dagger of Neurosis {speed, Str+10 Int-3}
 32941 | Orc:2    | Entered Level 2 of the Orcish Mines
 33295 | Orc:2    | Found a staircase to the Elven Halls.
 33447 | Orc:2    | Noticed Azrael
 33551 | Orc:2    | Killed Azrael
 33914 | Orc:2    | Found Fir Inkulo's Weapon Shoppe.
 33914 | Orc:2    | Found Xiazuer's Armour Emporium.
 33915 | Orc:2    | Found Voygg's General Store.
 33919 | Orc:2    | Found Evviwac's Distillery.
 33927 | Orc:2    | Bought a potion of haste for 100 gold pieces
 33927 | Orc:2    | Bought a potion of heal wounds for 50 gold pieces
 33927 | Orc:2    | Bought a potion of brilliance for 40 gold pieces
 33927 | Orc:2    | Bought a potion of heal wounds for 50 gold pieces
 33927 | Orc:2    | Bought a potion of brilliance for 40 gold pieces
 33927 | Orc:2    | Bought a potion of heal wounds for 50 gold pieces
 34414 | D:12     | Noticed an iron dragon
 34414 | D:12     | Found the +6 shillelagh "Devastator" {shatter}
 34544 | D:12     | Noticed Frances
 34550 | D:12     | Killed Frances
 35017 | D:12     | Killed an iron dragon
 35812 | D:13     | Found a runed translucent gate.
 35815 | D:13     | Found a runed translucent gate.
 35815 | D:13     | Found a runed translucent gate.
 35817 | D:13     | Noticed pokeman's ghost (journeyman DEWz)
 35824 | D:13     | Killed pokeman's ghost
 36428 | D:14     | Reached XP level 17. HP: 88/131 MP: 0/0
 36428 | D:14     | Learned a level 6 spell: Simulacrum
 36569 | D:14     | Found a gate to the Vaults.
 37245 | D:15     | Entered Level 15 of the Dungeon
 37304 | D:15     | Found a staircase to the Depths.
 37686 | D:15     | Identified the +2 cloak of Hide-and-Seek {rF+}
 37731 | D:15     | Upgraded the game from 0.28-a0-657-g71136c5590 to
                  | 0.28-a0-662-g1651b1f1e0
 38560 | Swamp:1  | Entered Level 1 of the Swamp
 38598 | Swamp:1  | Noticed a tentacled monstrosity
 38611 | Swamp:1  | Killed a tentacled monstrosity
 38823 | Swamp:1  | Identified the ring of Ullyosso {+Blink rElec rC+}
 38857 | Swamp:1  | Reached skill level 5 in Shields
 39195 | Swamp:2  | Noticed Louise
 39251 | Swamp:2  | Killed Louise
 39762 | Swamp:3  | Identified a scroll of acquirement
 39918 | Swamp:3  | Acquired 565 gold pieces
 40154 | Swamp:3  | Reached XP level 18. HP: 106/138 MP: 0/0
 40476 | Swamp:4  | Entered Level 4 of the Swamp
 40841 | Swamp:4  | Noticed the 27-headed Lernaean hydra
 40845 | Swamp:4  | Killed the 27-headed Lernaean hydra
 40846 | Swamp:4  | Reached skill level 10 in Shields
 40947 | Swamp:4  | Got a decaying rune of Zot
 41407 | Snake:1  | Entered Level 1 of the Snake Pit
 41735 | Snake:1  | Found Urine's Assorted Antiques.
 41753 | Snake:1  | Bought a potion of heal wounds for 200 gold pieces
 41753 | Snake:1  | Bought a scroll of immolation for 140 gold pieces
 41753 | Snake:1  | Bought a scroll of identify for 80 gold pieces
 41796 | Snake:1  | Noticed Aizul
 41807 | Snake:1  | Killed Aizul
 42440 | Snake:2  | Noticed Nikola
 42446 | Snake:2  | Killed Nikola
 42590 | Snake:2  | Identified Roxanne's Handbook of Clay
 42590 | Snake:2  | Noticed Roxanne
 42808 | Snake:2  | Reached XP level 19. HP: 122/143 MP: 0/0
 42808 | Snake:2  | Learned a level 7 spell: Summon Hydra
 43838 | Snake:3  | Identified the ring of the Enormous Lime {Ice Will- Slay+2
                  | SInv}
 44248 | Snake:4  | Entered Level 4 of the Snake Pit
 44447 | Snake:4  | Reached skill level 15 in Shields
 44937 | Snake:4  | Found Fitusizi's Assorted Antiques.
 44944 | Snake:4  | Bought a potion of heal wounds for 200 gold pieces
 44944 | Snake:4  | Bought a scroll of teleportation for 120 gold pieces
 44944 | Snake:4  | Bought a potion of curing for 120 gold pieces
 44962 | Snake:4  | Found Doshro Ypyop's Armour Emporium.
 44971 | Snake:4  | Bought the +0 mask of the Dragon {Will+ Slay+3 SInv} for
                  | 634 gold pieces
 44971 | Snake:4  | Found the +0 mask of the Dragon {Will+ Slay+3 SInv}
 45002 | Snake:4  | Found Vigugiw's Weapon Emporium.
 45461 | Snake:4  | Reached XP level 20. HP: 69/149 MP: 0/0
 45690 | Snake:4  | Got a serpentine rune of Zot
 46082 | Vaults:1 | Entered Level 1 of the Vaults
 46199 | Elf:1    | Entered Level 1 of the Elven Halls
 46451 | Elf:1    | Identified the +1 ring mail of Muttered Phrases {rF++
                  | rCorr}
 47311 | Elf:1    | Paralysed by an air elemental for 1 turns
 47487 | Elf:2    | Paralysed by an air elemental for 1 turns
 48075 | Elf:2    | Found a runed translucent gate.
 48075 | Elf:2    | Found a runed translucent gate.
 48076 | Elf:2    | Found a runed translucent gate.
 48762 | Elf:3    | Entered Level 3 of the Elven Halls
 48798 | Elf:3    | Reached XP level 21. HP: 141/155 MP: 0/0
 48798 | Elf:3    | Learned a level 8 spell: Disjunction
 49016 | Elf:3    | Identified the +0 robe of Athagisch {Contam Regen+ rCorr
                  | Int+2}
 50024 | Elf:3    | Identified the +4 scythe of Valour {vamp, rElec rF- Dex+2}
 50373 | Elf:3    | Found the +9 staff of Olgreb {rPois∞}
 50382 | Elf:3    | Identified the +5 great mace of the Freezing Genius {flame,
                  | rC++}
 50385 | Elf:3    | Identified the +10 quarterstaff "Rountum" {flame, Will+}
 50389 | Elf:3    | Identified the +3 scimitar of Ignis's Grace {vamp, Fragile
                  | Str+2 Int+5}
 50443 | Elf:3    | Identified the +1 cloak of Ecwi {rPois Stlth+}
 51009 | Vaults:1 | HP: 3/155 [dire elephant (7)]
 51356 | Vaults:1 | Reached XP level 22. HP: 146/161 MP: 0/0
 52399 | Vaults:2 | Noticed Bai Suzhen
 52430 | Vaults:2 | Killed Bai Suzhen
 53377 | Vaults:2 | Found a staircase to the Crypt.
 54418 | Vaults:3 | Reached XP level 23. HP: 159/168 MP: 0/0
 54418 | Vaults:3 | Learned a level 7 spell: Monstrous Menagerie
 55077 | Vaults:3 | Identified the amulet of Bifar {Spirit rC+ Int-2 Dex+4}
 55539 | Vaults:3 | Identified the ring of the Screaming King {rElec rF+ rC+
                  | Dex+6 Slay+2}
 55650 | Vaults:3 | Identified the ring "Hasilit" {rC++ Int+6}
 55833 | Vaults:3 | Identified the ring "Utofoj" {+Blink rF+}
 56238 | Vaults:4 | Noticed Sojobo
 56241 | Vaults:4 | Reached skill level 1 in Armour
 56687 | Vaults:4 | Identified the +2 helmet "Eneav" {Harm rC+ SInv}
 56996 | Vaults:4 | Killed Sojobo
 57070 | Vaults:4 | Reached skill level 5 in Armour
 57243 | Depths:1 | Entered Level 1 of the Depths
 57344 | D:15     | Reached XP level 24. HP: 122/181 MP: 0/0
 57714 | Depths:1 | Found a gateway to Hell.
 57727 | Depths:1 | Noticed Mara
 57742 | Depths:1 | Found a magical portal.
 57752 | WizLab   | Entered Maxwell's Workshop
 57913 | WizLab   | Identified the +3 double sword "Itoneet" {flame, rPois rN+}
 58373 | WizLab   | Identified the ring "Adolaagh" {Ice rPois Dex+2 Slay+2}
 58374 | WizLab   | Identified the +8 morningstar "Xusseaf" {venom, Stlth+}
 58590 | Depths:1 | Killed Mara
 58591 | Depths:1 | Reached skill level 1 in Invocations
 58715 | Depths:1 | Found a broken altar of Ashenzari.
 58738 | Depths:1 | Found a portal to a secret trove of treasure.
 59013 | Depths:1 | Found a snail-covered altar of Cheibriados.
 59250 | Depths:1 | Found a one-way gate to the infinite horrors of the Abyss.
 59282 | Depths:1 | Found a gateway to a ziggurat.
 59448 | Depths:1 | Gained mutation: Your body sometimes deteriorates upon
                  | taking damage. [a neqoxec]
 59451 | Depths:1 | Found a one-way gate leading to the halls of Pandemonium.
 59711 | Depths:2 | Noticed a juggernaut
 59803 | Depths:2 | Reached skill level 5 in Invocations
 59902 | Depths:2 | Killed a juggernaut
 60714 | Depths:2 | Reached XP level 25. HP: 162/191 MP: 0/0
 60714 | Depths:2 | Learned a level 8 spell: Infestation
 60999 | Depths:2 | Found Momued Ejar's Book Boutique.
 61000 | Depths:2 | Found Pifacacop's Jewellery Shoppe.
 61001 | Depths:2 | Found Jibb's Book Boutique.
 61009 | Depths:2 | Bought an amulet of regeneration for 540 gold pieces
 61789 | Depths:3 | Identified the +1 ring mail "Ruzab" {Contam rElec rC++
                  | Int+4}
 61826 | Depths:3 | Noticed a caustic shrike
 61827 | Depths:3 | Noticed a caustic shrike
 61828 | Depths:3 | Noticed a caustic shrike
 61828 | Depths:3 | Noticed a caustic shrike
 61829 | Depths:3 | Noticed a caustic shrike
 61937 | Depths:2 | Reached skill level 10 in Invocations
 61980 | Depths:2 | Killed a caustic shrike
 62152 | Depths:2 | Killed a caustic shrike
 62177 | Depths:2 | Killed a caustic shrike
 62298 | Depths:3 | Found Pompiss's Antique Weapon Shoppe.
 62298 | Depths:3 | Killed a caustic shrike
 62303 | Depths:3 | Killed a caustic shrike
 62462 | Depths:3 | Identified the +4 chain mail of the Trees {Str+2}
 62786 | Depths:4 | Entered Level 4 of the Depths
 63276 | Depths:4 | Noticed Mennas
 63281 | Depths:4 | Reached XP level 26. HP: 160/200 MP: 0/0
 63290 | Depths:4 | Killed Mennas
 63799 | Depths:4 | Found a gate to the Realm of Zot.
 63881 | Hell     | Entered the Vestibule of Hell
 63881 | Hell     | Noticed Geryon
 63881 | Hell     | Noticed Murray
 63901 | Depths:4 | Killed Murray
 63984 | Depths:4 | Reached skill level 15 in Invocations
 64334 | Crypt:1  | Entered Level 1 of the Crypt
 65332 | Crypt:2  | Noticed Saint Roka
 65345 | Crypt:2  | Killed Saint Roka
 65675 | Crypt:1  | Found a basalt altar of Yredelemnul.
 66040 | Crypt:3  | Entered Level 3 of the Crypt
 66043 | Crypt:3  | Noticed an ancient lich
 66050 | Crypt:3  | Killed an ancient lich
 66437 | Crypt:3  | Reached XP level 27. HP: 187/205 MP: 0/0
 66437 | Crypt:3  | Learned a level 9 spell: Death's Door
 66439 | Crypt:3  | Noticed a dread lich
 66439 | Crypt:3  | Noticed a dread lich
 66448 | Crypt:3  | Killed a dread lich
 66450 | Crypt:3  | Killed a dread lich
 66452 | Crypt:3  | Identified the ring of Brilliance {rPois rN+ Will+ Str+2}
 66452 | Crypt:3  | Identified the ring of No Interval {+Blink rElec rF+ rN+
                  | Str-4}
 66454 | Crypt:3  | Identified the ring "Opioz" {Ice rN+ rCorr Str-3 SInv}
 66771 | Crypt:3  | Found a staircase to the Tomb.
 66924 | Crypt:3  | Found a blossoming altar of Fedhas.
 67128 | Vaults:5 | Entered Level 5 of the Vaults
 67166 | Vaults:5 | Reached skill level 1 in Maces & Flails
 67492 | Vaults:5 | Noticed a dread lich
 67502 | Vaults:5 | Killed a dread lich
 67523 | Vaults:5 | Got a silver rune of Zot
 67943 | Zot:1    | Entered Level 1 of the Realm of Zot
 68175 | Zot:1    | You are sucked into a shaft and drop 1 floor!
 68420 | Zot:1    | Reached skill level 5 in Maces & Flails
 69776 | Zot:2    | Noticed a Killer Klown
 69799 | Zot:2    | Killed a Killer Klown
 69927 | Zot:2    | Found a basalt altar of Yredelemnul.
 70076 | Zot:2    | Found a transporter.
 70076 | Zot:2    | Noticed Mikey69's ghost (legendary DsBe)
 70080 | Zot:2    | Found a transporter.
 70542 | Zot:2    | Noticed an orb of fire
 70561 | Zot:2    | Gained mutation: You have a somewhat thin skeletal
                  | structure. (Dex +2, Stealth+) [an orb of fire]
 70565 | Zot:2    | Gained mutation: Your body often deteriorates upon taking
                  | damage. [an orb of fire]
 70571 | Zot:2    | Killed an orb of fire
 70985 | Zot:2    | Noticed an orb of fire
 71024 | Zot:2    | Killed an orb of fire
 72029 | Zot:3    | HP: 1/172 [death cob (17)]
 72032 | Zot:3    | Mangled by a death cob

Illustrated notes

Levels and vault maps discovered:
D:1:      minmay_arrival_nine_rooms, layout_basic,
          hellmonk_ecumenical_altar_leap_of_faith
D:2:      layout_loops_ring
D:3:      layout_loops_ring, kennysheep_jessica_study
D:4:      layout_loops_cross, moated_statue, grunt_decor_mini_mirrors
D:5:      layout_gridville, minmay_temple_entry_enclosed_plants,
          hangedman_minor_gate_pass, uniq_menkaure, uniq_edmund,
          uniq_blork_the_orc
D:6:      layout_loops_ring, chequers_serial_rivers_micro_b, minmay_liquid_box,
          minmay_between, uniq_grinder, uniq_duvessa, uniq_pikel
D:7:      layout_rooms, lemuel_tele_altar, enter_bailey_7,
          amcnicky_mini_corridor_feature, lightli_corner_chamber
D:8:      layout_cave_pools, jmf_multi_god_temple2, ebering_ghost_rock_garden,
          minmay_manual_monolith
D:9:      layout_gridville, mainiacjoe_overflow_24_doors, lair_entry_dummy,
          uniq_maurice
D:10:     layout_irregular_city, hangedman_misty_isle, uniq_erica,
          uniq_josephine
D:11:     layout_basic, erik_orc_3, vehumet_statue
D:12:     minmay_roctagon, layout_cave_pods, uniq_frances
D:13:     layout_basic, ebering_ghost_rock_garden
D:14:     layout_gridville, erik_vaults_1, roderic_lattice_a
D:15:     grunt_enter_depths_hoard, layout_loops_ring, serial_undead,
          serial_undead_a, serial_undead_c, serial_undead_c, serial_undead_b,
          small_statue_intersection, minmay_fractal_squares_gapless_7
Lair:1:   layout_regular_city, uniq_sonja
Lair:2:   nzn_winding_woodlands_cross [nzn_winding_woodlands_5x15_concentric,
          nzn_winding_woodlands_5x15_longhouse, nzn_winding_woodlands_5x15_pool,
          nzn_winding_woodlands_5x15_jagged,
          nzn_winding_woodlands_15x15_killbox], layout_misc_corridors,
          minmay_swamp_entry_wisps, infiniplex_staircase_pool_2
Lair:3:   layout_hall_layers, portal_ice_cave_entry_pillars_1,
          serial_bayou_pond_d, minmay_stone_trees_medium,
          chequers_serial_rivers_micro_c, chequers_serial_rivers_small_b,
          patterned_corridor, uniq_gastronok
Lair:4:   layout_long_grid, kennysheep_catoblepas_arena, serial_bayou_shore_a
Lair:5:   layout_misc_corridors
Lair:6:   minmay_lair_end_enchanted_forest, layout_cellular_growth,
          slime_altar_1, st_stairs_7, minmay_stone_trees_small
Swamp:1:  layout_falls_marsh, evilmike_swamp_ruin_house_3
Swamp:2:  layout_falls_marsh, hangedman_swamp_ruin_wall,
          infiniplex_staircase_pool, uniq_louise
Swamp:3:  layout_falls_marsh, evilmike_swamp_ruin_house_4, swamp_pool1,
          nicolae_swamp_stuck_in_the_mud
Swamp:4:  swamp_old_school, layout_basic_swamp
Snake:1:  layout_cave_pods, serial_shops, nicolae_shop_stone, lemuel_fruit_tree,
          uniq_aizul
Snake:2:  layout_rooms, uniq_roxanne, uniq_nikola
Snake:3:  layout_grid_maze, serial_bayou_shore_b
Snake:4:  grunt_snake_rune_pools, layout_misc_corridors, serial_shops,
          shop_coins, grunt_ministairs_1, minmay_shoptagon
Orc:1:    giant_chief_lemuel, layout_diamond_mine, basic_altar, nooodl_orcs_dogs
Orc:2:    st_orc_mages, layout_caves, basic_altar, lemuel_statue_altar,
          uniq_azrael
Elf:1:    nicolae_elf_arrival_aired_out, layout_onion_city,
          hangedman_elven_crosses_minicolossus
Elf:2:    elven_hall_of_blades_hangedman_original
          [nicolae_blade_entry_crossed_weapons], layout_gridlike
Elf:3:    elf_hall_gauntlet_narrow, layout_geoelf_octagon, minivault_25
Vaults:1: nicolae_vaults_know_your_exits, vaults_dpeg_hooks, vaults_room_boxed,
          vaults_standard_mumra_lines, grunt_vaults_focal,
          dpeg_vaults_monster_box, v_misc_5, v_misc_29, v_rooms_4,
          nicolae_vaults_specimen_jars, v_alt_pattern_4, layout_vaults_omnibox
Vaults:2: ontoclasm_vaults_pinch, minmay_crypt_entry_vampire_xt,
          vaults_dpeg_spiral, nicolae_vaults_little_squares_6, v_misc_31,
          nicolae_vaults_triangles, nicolae_vaults_border_crossing,
          dpeg_vaults_monster_row, layout_vaults_omnicross, uniq_bai_suzhen
Vaults:3: v_misc_30, vaults_room_octagon, v_rooms_3, st_greater_box_2,
          nicolae_vaults_little_squares_4, vaults_mumra_lcd,
          vaults_dpeg_encased_lava, hangedman_vaults_nails, vaults_room_corners,
          layout_vaults_omnigrid
Vaults:4: ontoclasm_vaults_twist, v_misc_15, vaults_room_hallway,
          vaults_room_door_ring, v_misc_24, vaults_room_semicircle,
          ontoclasm_vaults_hangar, hangedman_vaults_hat, st_lines,
          vaults_mumra_chevron_long, vaults_room_pools, vaults_room_grid,
          nicolae_vaults_network_star, layout_vaults_maze_snakey, uniq_sojobo
Vaults:5: serial_shops
Crypt:1:  layout_rooms, roderic_lattice_octagonal_star, lemuel_upstairs_altar,
          grunt_crypt_arrival_webbed
Crypt:2:  layout_catacombs, minivault_14, uniq_saint_roka
Crypt:3:  david_glass_crypt, layout_rooms, tomb_entry_sphere_bobbens,
          nicolae_crypt_fedhas_prevails
Depths:1: layout_twisted_cross, enter_ziggurat_d, hangedman_abyss_entry_splay,
          mu_enter_wizlab_7, enter_trove_0, grunt_metal_band,
          evilmike_ruin_ashenzari, rand_demon_pan_entry_9, slow_altar_1,
          grunt_megastairs_4, uniq_mara
Depths:2: minmay_the_grid_octo_triangle [minmay_the_grid_octo_horde,
          minmay_the_grid_octo_prize_big_c, minmay_the_grid_octo_odd_swirl],
          layout_gridville, rand_demon_pan_entry_4, hangedman_tar_grid_catacomb,
          chequers_decorated_corner, serial_bayou_shore_b,
          infiniplex_staircase_split_hallway, minmay_shop_grove,
          serial_bayou_shore_b
Depths:3: grunt_double_whammy, layout_cave_pools, chequers_serial_rivers_room_b,
          hell_entry, serial_shops, shop, abyss_entry_glasseish, serial_rivers,
          chequers_serial_rivers_small_3, chequers_serial_rivers_micro_b,
          chequers_serial_rivers_small_b, chequers_serial_rivers_large_b,
          chequers_serial_rivers_micro_c, minmay_fountain_box
Depths:4: grunt_zot_entry_gee_three, layout_gridville, corexii_hall_statues_s,
          pf_hell_entry_great_geh, uniq_mennas
Hell
Zot:1:    kennysheep_ambush_hall, layout_cathedral_of_symmetry,
          st_single_dragon_hoard_1
Zot:2:    layout_cathedral_of_symmetry, gammafunk_ghost_arena, basic_altar
Zot:3:    layout_cathedral_of_symmetry

Skill      XL: |  1  2  3  4  5  6  7  8  9 10 11 12 13 14 15 16 17 18 19 20 21 22 23 24 25 26 27 |
---------------+----------------------------------------------------------------------------------+-----
Short Blades   | 3 4 5 6 |  6.5
Spellcasting   | 3 4 6 7 10 11 12 13 15 16 17 18 19 20 | 20.8
Fighting       | 4 5 6 8 10 11 12 13 15 17 19 20 | 20.0
Dodging        | 2 7 10 12 13 | 13.7
Shields        | 4 7 13 15 17 18 20 21 | 21.0
Armour         | 5 8 |  8.0
Invocations    | 6 13 18 21 | 21.6
Maces & Flails | 9 |  9.3

Action                   |  1- 3 |  4- 6 |  7- 9 | 10-12 | 13-15 | 16-18 | 19-21 | 22-24 | 25-27 || total
-------------------------+-------+-------+-------+-------+-------+-------+-------+-------+-------++-------
Melee: Short sword       |    56 |       |       |       |       |       |       |       |       ||    56
       Dagger            |       |    25 |    94 |    86 |   234 |       |       |       |       ||   439
       Staff             |       |       |       |       |     2 |    19 |     7 |    19 |     4 ||    51
       Shillelagh        |       |       |       |       |       |     4 |       |       |       ||     4
       Sacred scourge    |       |       |       |       |       |       |       |       |   428 ||   428
 Cast: Scorch            |    33 |    49 |    52 |   157 |   194 |    11 |     2 |       |       ||   498
       Summon Small Mamm |     2 |     4 |       |       |       |       |       |       |       ||     6
       Blink             |       |     6 |     4 |       |       |       |       |       |       ||    10
       Ozocubu's Armour  |       |       |     7 |     3 |     1 |       |       |       |       ||    11
       Summon Lightning  |       |       |    17 |    52 |    70 |    58 |    40 |     5 |     9 ||   251
       Cause Fear        |       |       |       |     9 |     4 |       |     1 |       |       ||    14
       Starburst         |       |       |       |       |   117 |   431 |    95 |   253 |   285 ||  1181
       Simulacrum        |       |       |       |       |       |     1 |       |       |       ||     1
       Summon Hydra      |       |       |       |       |       |       |   349 |   279 |   243 ||   871
       Yara's Violent Un |       |       |       |       |       |       |    20 |    24 |    11 ||    55
       Monstrous Menager |       |       |       |       |       |       |       |    58 |    48 ||   106
       Disjunction       |       |       |       |       |       |       |       |     3 |     1 ||     4
       Infestation       |       |       |       |       |       |       |       |       |    99 ||    99
Invok: Foxfire Swarm     |       |       |       |       |       |       |       |       |     1 ||     1
Evoke: Wand              |       |       |     1 |       |    14 |    15 |     1 |     3 |     2 ||    36
       Condenser vane    |       |       |       |       |       |       |       |     1 |     1 ||     2
  Use: Scroll            |     2 |     4 |     4 |     8 |     4 |    19 |    11 |     8 |    24 ||    84
       Potion            |       |       |       |     5 |     1 |     1 |     6 |     4 |    13 ||    30
 Stab: Sleeping          |     1 |       |       |       |       |       |       |       |       ||     1
       Distracted        |       |       |     2 |       |     5 |       |       |     1 |    11 ||    19
Armor: Robe              |    20 |     7 |    27 |    47 |     9 |       |       |       |       ||   110
       Scale mail        |       |       |       |       |   134 |       |       |       |       ||   134
       Animal skin       |       |       |       |       |    34 |       |       |       |       ||    34
       Troll leather arm |       |       |       |       |       |    90 |    69 |    75 |   154 ||   388
       Skin              |       |       |       |       |       |       |       |       |    14 ||    14
Dodge: Dodged            |    45 |    10 |    69 |    92 |   232 |   160 |   175 |   182 |   400 ||  1365
Block: Buckler           |       |       |       |       |    16 |    83 |       |       |       ||    99
       Other             |       |       |       |       |     5 |       |       |       |       ||     5
       Reflection        |       |       |       |       |     1 |    31 |    99 |    60 |       ||   191
       Kite shield       |       |       |       |       |       |    56 |   153 |       |       ||   209
       Tower shield      |       |       |       |       |       |       |   342 |   691 |   995 ||  2028

Table legend: (Time is in decaauts)
 A = Elapsed time spent in this place.
 B = Non-inter-level travel time spent in this place.
 C = Inter-level travel time spent in this place.
 D = Time resting spent in this place.
 E = Time spent auto-exploring this place.
 F = Levels seen in this place.
 G = Mean time per level.
                   A        B        C        D        E       F      G
               +--------+--------+--------+--------+--------+-----+--------+
         Total |  71937 |  68363 |   3574 |   8780 |  45438 |  53 | 1357.3 |
       Dungeon |  22569 |  21394 |   1175 |   4022 |  14787 |  15 | 1504.6 |
          Lair |  10478 |   9997 |    481 |   1670 |   6724 |   6 | 1746.3 |
         Swamp |   2758 |   2618 |    140 |     88 |   2007 |   4 |  689.5 |
     Snake Pit |   4474 |   4218 |    256 |    237 |   2852 |   4 | 1118.5 |
  Orcish Mines |   4173 |   4037 |    136 |    756 |   2595 |   2 | 2086.5 |
   Elven Halls |   4344 |   4196 |    148 |    286 |   2602 |   3 | 1448.0 |
        Vaults |   7386 |   6881 |    505 |    145 |   4851 |   5 | 1477.2 |
         Crypt |   2712 |   2567 |    145 |     84 |   1701 |   3 |  904.0 |
        Depths |   5856 |   5388 |    468 |    472 |   3399 |   4 | 1464.0 |
          Hell |     13 |     13 |      0 |      0 |      0 |   1 |   13.0 |
           Zot |   4015 |   3899 |    116 |    361 |   2319 |   3 | 1338.3 |
        Bailey |    592 |    592 |      0 |    325 |     45 |   1 |  592.0 |
      Ice Cave |   1745 |   1745 |      0 |    328 |   1071 |   1 | 1745.0 |
        Wizlab |    814 |    814 |      0 |      6 |    485 |   1 |  814.0 |
               +--------+--------+--------+--------+--------+-----+--------+

Top non-repeatable levels by time:
   Orc:1: 3173 daAuts
  Lair:2: 3121 daAuts
     D:5: 2631 daAuts
Vaults:3: 2359 daAuts
    D:11: 2312 daAuts
     D:7: 2271 daAuts
Depths:2: 2035 daAuts
     D:1: 1949 daAuts
Vaults:1: 1862 daAuts
  Lair:6: 1835 daAuts
  Lair:1: 1778 daAuts
   IceCv: 1745 daAuts
   Zot:1: 1740 daAuts
  Lair:5: 1674 daAuts
    D:15: 1628 daAuts
